AoeStats
← KaLong

Arena

507430046Analyzed
4v4 RM · 14d ago on Sep 18, 2026· 39m 14s· 8 players
Game mode
Random Map
Map size
Large (8 player)
Population
200
Speed
Normal
Resources
Standard
Victory
Conquest
Starting age
Dark Age
Ending age
Imperial Age
RankedLock teamsTeams togetherTeam positionsShared explorationLock speedFull tech treeHidden civsTurbo modeCheats
Victory
Defeat
🇺🇸 Hindustanis · United States
1581
+9
🇺🇸 Turks · United States
1464
+13
🇺🇸 Wei · United States
1450
+13
🇦🇺 Khitans · Australia
1379
+16
🇳🇴 Hindustanis · Norway
1434
-14
🇨🇳 Italians · China
1419
-14
🇺🇸 Byzantines · United States
1397
-13
🇨🇳 Wei · China
1335
-10
License to Boom
10:36 Feudal Age
12:09 Loom
15:12 Castle Age
13:18 Double-Bit Axe
14:30 Horse Collar
23:20 Wheelbarrow
23:01 Pikeman
24:17 Bow Saw
24:10 Heavy Plow
29:16 Imperial Age
29:14 Coinage
28:09 Man-at-Arms
29:18 Gambesons
29:57 Forging
29:47 Scale Mail Armor
29:11 Long Swordsman
30:23 Two-Handed Swordsman
31:41 Banking
34:50 Elite Skirmisher
35:55 Halberdier
只爆叉叉
10:55 Feudal Age
11:53 Double-Bit Axe
14:40 Castle Age
12:55 Horse Collar
15:55 Bow Saw
15:46 Heavy Plow
22:38 Wheelbarrow
22:09 Gold Mining
23:06 Loom
23:58 Treadmill Crane
25:26 Gold Shaft Mining
25:23 Hand Cart
25:20 Stone Mining
29:02 Imperial Age
27:03 Scale Mail Armor
27:13 Forging
28:12 Chain Mail Armor
28:05 Scale Barding Armor
28:21 Fortified Wall
28:18 Husbandry
28:41 Bloodlines
29:31 Iron Casting
29:40 Chain Barding Armor
30:29 Parthian Tactics
29:27 Heavy Hei Guang Cavalry
30:29 Conscription
30:34 Ming Guang Armor
30:08 Fletching
30:19 Padded Archer Armor
30:45 Ballistics
31:25 Chemistry
31:16 Crop Rotation
32:28 Blast Furnace
31:28 Bodkin Arrow
31:50 Leather Archer Armor
31:59 Thumb Ring
32:37 Bracer
33:43 Ring Archer Armor
33:33 Light Cavalry
Nordigard
12:09 Feudal Age
16:18 Castle Age
15:08 Double-Bit Axe
15:27 Horse Collar
17:35 Bow Saw
19:17 Heavy Plow
22:22 Wheelbarrow
23:56 Gold Mining
28:44 Imperial Age
26:04 Loom
26:59 Gold Shaft Mining
26:15 Stone Mining
26:41 Padded Archer Armor
26:58 Fortified Wall
27:53 Leather Archer Armor
28:06 Masonry
30:33 Chemistry
29:37 Shatagni
30:41 Two-Man Saw
30:39 Ring Archer Armor
31:26 Fletching
32:40 Conscription
32:23 Grand Trunk Road
35:05 Siege Engineers
35:20 Ballistics
36:36 Bodkin Arrow
棒总
10:52 Feudal Age
14:36 Castle Age
12:57 Double-Bit Axe
13:09 Horse Collar
16:15 Loom
22:05 Fletching
24:05 Wheelbarrow
25:06 Hand Cart
25:05 Bow Saw
25:20 Gold Mining
26:10 Bodkin Arrow
26:35 Padded Archer Armor
28:42 Crossbowman
31:56 Imperial Age
29:58 Stone Mining
BomBomB0
9:44 Feudal Age
14:10 Castle Age
12:30 Horse Collar
12:40 Double-Bit Axe
12:46 Horse Collar
22:55 Wheelbarrow
22:06 Town Watch
23:29 Loom
24:44 Hand Cart
27:23 Imperial Age
25:22 Gold Mining
25:23 Stone Mining
25:34 Heavy Plow
25:45 Bow Saw
26:40 Scale Barding Armor
26:46 Forging
27:18 Gold Shaft Mining
27:06 Husbandry
27:16 Bloodlines
27:04 Light Cavalry
28:18 Chain Barding Armor
29:14 Chemistry
32:04 Plate Barding Armor
32:05 Iron Casting
32:01 Hussar
33:08 Heavy Camel Rider
33:35 Siege Elephant
35:28 Blast Furnace
34:29 Padded Archer Armor
34:52 Siege Engineers
36:59 Two-Man Saw
36:35 Stone Shaft Mining
36:24 Ballistics
36:16 Masonry
38:48 Imperial Camel Rider
39:45 Leather Archer Armor
倉木華
10:57 Feudal Age
12:04 Loom
14:53 Castle Age
13:26 Double-Bit Axe
14:35 Horse Collar
15:57 Town Watch
20:46 Heavy Plow
20:41 Town Watch
22:01 Bow Saw
24:05 Wheelbarrow
24:07 Gold Mining
24:13 Stone Mining
26:10 Gold Shaft Mining
26:11 Stone Shaft Mining
26:32 Hand Cart
30:31 Imperial Age
27:35 Pikeman
28:15 Squires
28:28 Squires
28:31 Scale Mail Armor
28:59 Forging
29:22 Coinage
30:32 Chain Mail Armor
31:14 Iron Casting
30:44 Tuntian
30:44 Halberdier
31:46 Conscription
32:35 Chemistry
33:07 Blast Furnace
32:21 Fletching
33:30 Ballistics
33:21 Masonry
32:52 Treadmill Crane
33:56 Hoardings
34:19 Padded Archer Armor
35:11 Banking
37:02 Caravan
KaLong
5:21 Loom
10:38 Feudal Age
11:33 Feudal Age
13:32 Double-Bit Axe
16:24 Castle Age
15:44 Horse Collar
17:24 Bow Saw
20:48 Wheelbarrow
20:49 Heavy Plow
25:17 Hand Cart
27:11 Gold Mining
31:26 Imperial Age
29:06 Stone Mining
29:52 Town Watch
30:26 Fletching
31:21 Bodkin Arrow
32:08 Artillery
32:43 Bombard Tower
33:23 Sipahi
34:16 Treadmill Crane
34:37 Bracer
35:12 Conscription
34:13 Elite Janissary
35:08 Arrowslits
35:33 Masonry
Damir
11:40 Feudal Age
15:48 Castle Age
13:48 Double-Bit Axe
13:56 Gold Mining
14:29 Domestication
16:49 Bow Saw
18:20 Wheelbarrow
21:13 Squires
23:25 Loom
24:53 Arson
25:18 Scale Mail Armor
25:29 Forging
26:24 Chain Mail Armor
31:36 Iron Casting
34:11 Pastoralism
37:19 Hand Cart
36:50 Town Watch
Connection lost

Rejoining the realm…

Still unreachable

The connection could not be restored.

Session expired

The server has moved on; the page needs a fresh start.